 Dungeon Crawl Stone Soup version 0.32-a0-898-g7811c86cf0 (webtiles) character file.

Game seed: 5425795078987544329

6 LobsterGuardian the Charlatan (level 1, -2/16 HPs)
             Began as a Demigod Artificer on Apr 5, 2024.
             Slain by a gnoll
             ... wielding a +0 club
              (4 damage)
             ... on level 1 of the Dungeon.
             The game lasted 00:01:11 (366 turns).

LobsterGuardian the Charlatan (Demigod Artificer)    Turns: 366, Time: 00:01:12

Health: -2/16      AC:  3    Str: 13    XL:     1   Next: 60%
Magic:  3/3        EV: 10    Int: 13    God:
Gold:   22         SH:  0    Dex: 14    Spells: 0/0 levels left

rFire   . . .        a - +0 club
rCold   . . .        (no shield)
rNeg    . . .        b - +0 leather armour
rPois   .            (no helmet)
rElec   .            (no cloak)
rCorr   .            (no gloves)
SInv    .            (no boots)
Will    .....        (no amulet)
Stlth   +            (no ring)
HPRegen 0.22/turn    (no ring)
MPRegen 0.08/turn

%: no passive effects
@: no status effects
A: high MP 1, forlorn, divine attributes
a: no special abilities


You were on level 1 of the Dungeon.
You visited 1 branch of the dungeon, and saw 1 of its levels.

You collected 22 gold pieces.

Inventory:

Hand Weapons
 a - a +0 club (weapon)
Armour
 b - a +0 leather armour (worn)
Jewellery
 g - a ring of willpower
Wands
 c - a wand of flame (14) (quivered)
 d - a wand of charming (15)
 e - a wand of iceblast (5)
Scrolls
 h - a scroll of blinking {unknown}
Potions
 f - a potion of heal wounds {unknown}
 i - a potion of enlightenment {unknown}
 j - 2 potions of cancellation {unknown}
 k - a potion of haste {unknown}


   Skills:
 + Level 1.0 Fighting
 + Level 1.7 Armour
 + Level 1.1 Dodging
 + Level 0.8 Stealth
 * Level 2.9 Evocations


You couldn't memorise any spells.
You didn't know any spells.
Your spell library was empty.

Dungeon Overview and Level Annotations

Branches:
Dungeon (1/15)

Shops:
D:1 (


Innate Abilities, Weirdness & Mutations

You have an increased reservoir of magic. (+10% MP)
You shall have no god before yourself.
Your divine heritage dramatically boosts your attributes as you level up.


Message History

You closely miss the kobold.
The kobold is severely wounded.
The kobold closely misses you. The kobold hits you with a +0 dagger.
You are too injured to fight recklessly!
You are too injured to fight recklessly!
You are too injured to fight recklessly!
You barely miss the kobold.
The kobold is severely wounded.
The kobold hits you with a +0 dagger.
You hit the kobold.
You kill the kobold!
Things that are here:
a +0 dagger; 2 stones; a kobold corpse HP restored.
You now have 22 gold pieces (gained 7).
i - a smoky purple potion
j - 2 fuming green potions
There is a staircase leading out of the dungeon here.
k - a white potion A gnoll comes into view.
It is wielding a +0 club.
You see here 13 gold pieces.
A gnoll is nearby!
A gnoll is nearby!
A gnoll is nearby!
The gnoll shouts!
The gnoll hits you with a +0 club.
You hit the gnoll.
The gnoll is moderately wounded.
The gnoll hits you with a +0 club. x2
* * * LOW HITPOINT WARNING * * *
You are too injured to fight recklessly!
You are too injured to fight recklessly!
Unknown command.
Aiming: Throw Flame
Press: ? - help, Shift-Dir - straight line, f - gnoll
Aim: a gnoll, wielding a +0 club (moderately wounded, 75% to hit)
The puff of flame hits the gnoll!
The gnoll is almost dead.
The gnoll hits you with a +0 club.
You die...

#.## #....####..##.....#
#...... ##.#
#..........######.###.####.
#.## #.............#
#.....# ##.#
#.#..####..##.# ###.###
#.## #.#........# # #.#
<######.#..####.## # #.#
#.#.#.#....# #.# .## #.#
##.#.#..##.####.##...# #.#
##########......@g.# . ..#
# ####.####.##...# #.# #
#......$............. ####
#####.###..........
#..###.....# #.#####.###
#..##...######.# #
...............#
#.#.......######
#.####.####


You could see a gnoll.

Vanquished Creatures
  2 kobolds (D:1)
  A quokka (D:1)
  A bat (D:1)
  2 frilled lizards (D:1)
  A goblin (D:1)
7 creatures vanquished.

Notes
Turn   | Place    | Note
-------+----------+-------------------------------------------
     0 | D:1      | LobsterGuardian the Demigod Artificer began the quest for
                  | the Orb.
     0 | D:1      | Reached XP level 1. HP: 15/15 MP: 3/3
    43 | D:1      | Reached skill level 1 in Dodging
    55 | D:1      | Reached skill level 1 in Fighting
    93 | D:1      | Found Juehet's Weapon Shoppe.
   366 | D:1      | Slain by a gnoll

Illustrated notes

Levels and vault maps discovered:
D:1:      reono_arrival_mine, layout_loops_ring, serial_shops, shop,
          nicolae_figureground_pulse

Skill      XL: |  1 |
---------------+----+-----
Dodging        | 1 |  1.1
Fighting       | 1 |  1.0
Armour         | |  1.7
Stealth        | |  0.8
Evocations     | |  2.9

Action                     || total
---------------------------++-------
  Melee: Club              ||    30
  Evoke: Wand              ||     1
 Armour: Leather armour    ||    21
  Dodge: Dodged            ||    22

Table legend: (Time is in decaauts)
 A = Elapsed time spent in this place.
 B = Non-inter-level travel time spent in this place.
 C = Inter-level travel time spent in this place.
 D = Time resting spent in this place.
 E = Time spent auto-exploring this place.
 F = Levels seen in this place.
 G = Mean time per level.
                   A        B        C        D        E       F      G
               +--------+--------+--------+--------+--------+-----+--------+
         Total |    375 |    375 |      0 |      0 |    301 |   1 |  375.0 |
       Dungeon |    375 |    375 |      0 |      0 |    301 |   1 |  375.0 |
               +--------+--------+--------+--------+--------+-----+--------+

Top non-repeatable levels by time:
     D:1: 375 daAuts
